 Dungeon Crawl Stone Soup version 0.24-a0-217-g1152973 (webtiles) character file.

Game seed: 3916345914370169348

2489 xeno23 the Covert (level 9, -3/59 HPs)
             Began as an Octopode Assassin on Mar 29, 2019.
             Was a Believer of Uskayaw.
             Slain by an orc warrior
             ... wielding a +0 scimitar
              (24 damage)
             ... on level 8 of the Dungeon.
             The game lasted 00:25:35 (5917 turns).

xeno23 the Covert (Octopode Assassin)               Turns: 5917, Time: 00:25:36

Health: -3/59      AC:  1    Str: 11    XL:     9   Next: 52%
Magic:  5/19       EV: 17    Int: 13    God:    Uskayaw [**....]
Gold:   375        SH:  5    Dex: 16    Spells: 6/9 levels left

rFire    . . .     SeeInvis .   F - +4 dagger of Leshigyedd {speed, *Contam rElec MR+++}
rCold    . . .     Gourm    .   (no shield)
rNeg     . . .     Faith    .   (helmet restricted)
rPois    .         Spirit   .   e - +5 amulet of reflection
rElec    +         Reflect  +   x - ring of wizardry
rCorr    .         Harm     .   A - ring of flight
MR       +++..                  y - +5 ring of slaying
Stlth    ++++++....             a - ring of magical power
HPRegen  1.19/turn              O - +2 ring of evasion
MPRegen  0.16/turn              (no ring)
                                (no ring)
                                (no ring)

@: very slightly contaminated, regenerating
A: almost no armour, stealthy swim, amphibious, 8 rings, constrict 8, camouflage
1, gelatinous body 1
a: Stomp, Line Pass, Renounce Religion, Evoke Flight


You were on level 8 of the Dungeon.
You worshipped Uskayaw.
Uskayaw was noncommittal.
You were very hungry.

You visited 2 branches of the dungeon, and saw 9 of its levels.
You also visited: Sewer.

You collected 439 gold pieces.
You spent 64 gold pieces at shops.

Inventory:

Hand Weapons
 b - a +0 blowgun
 k - a +0 hunting sling
 F - the +4 dagger of Leshigyedd (weapon) {speed, *Contam rElec MR+++}
   (You found it on level 6 of the Dungeon)

   Attacks with this weapon are significantly faster.
   It insulates you from electricity.
   It affects your resistance to hostile enchantments.
   It causes magical contamination when unequipped.
 J - a cursed +2 scimitar of venom
Missiles
 d - 2 curare-tipped needles
 o - 116 sling bullets
 D - 24 poisoned needles
 I - 4 needles of confusion
Jewellery
 a - a ring of magical power (on tentacle)
 e - a +5 amulet of reflection (around mantle)
 x - a ring of wizardry (left tentacle)
 y - a +5 ring of slaying (on tentacle)
 A - a ring of flight (right tentacle)
 O - a +2 ring of evasion (on tentacle)
Wands
 n - a wand of disintegration (8)
 v - a wand of scattershot (6)
 C - a wand of digging (6)
Scrolls
 g - 3 scrolls of enchant weapon {unknown}
 i - 2 scrolls of identify
 j - 8 scrolls of teleportation
 m - a scroll of enchant armour {unknown}
 s - 3 scrolls of remove curse {unknown}
 t - a scroll of amnesia {unknown}
 w - 3 scrolls of blinking
 z - a scroll of immolation {unknown}
 E - 2 scrolls of random uselessness {unknown}
 H - a scroll of magic mapping {unknown}
 K - a scroll of torment {unknown}
Potions
 c - 4 potions of flight
 h - 4 potions of curing
 l - 2 potions of berserk rage
 p - 2 potions of resistance
 q - 2 potions of lignification
 r - a potion of invisibility {unknown}
 u - a potion of haste {unknown}
 B - 2 potions of heal wounds
 G - 2 potions of brilliance
 M - a potion of agility
 N - a potion of mutation {unknown}
Comestibles
 f - 11 rations


   Skills:
 + Level 4.7 Fighting
 * Level 6.7 Short Blades
 + Level 4.8 Throwing
 + Level 4.3 Dodging
 * Level 10.4 Stealth
 + Level 0.5 Spellcasting
 + Level 0.6 Charms
 + Level 0.6 Necromancy
 + Level 2.4 Invocations
 + Level 2.5 Evocations


You had 6 spell levels left.
You knew the following spells:

 Your Spells              Type           Power        Failure   Level  Hunger
e - Regeneration          Chrm/Necr      #.........   26%         3    ####...

Your spell library contained the following spells:

 Spells                   Type           Power        Failure   Level  Hunger
 Infusion                 Chrm           #...         9%          1    ##.....
 Flame Tongue             Conj/Fire      #....        12%         1    ##.....
 Summon Small Mammal      Summ           #...         12%         1    ##.....
 Song of Slaying          Chrm           #.......     14%         2    ###....
 Shroud of Golubria       Chrm/Tloc      #.........   16%         2    ###....
 Call Imp                 Summ           #.......     17%         2    ###....
 Throw Flame              Conj/Fire      #.....       17%         2    ###....
 Spectral Weapon          Hex/Chrm       #.......     30%         3    ####...
 Call Canine Familiar     Summ           #.......     32%         3    ####...
 Conjure Flame            Conj/Fire      #.......     32%         3    ####...
 Inner Flame              Hex/Fire       #.......     32%         3    ####...
 Summon Guardian Golem    Hex/Summ       #.......     32%         3    ####...
 Sticky Flame             Conj/Fire      #.......     71%         4    #####..
 Summon Ice Beast         Ice/Summ       #.......     71%         4    #####..
 Summon Lightning Spire   Summ/Air       #.......     71%         4    #####..
 Fireball                 Conj/Fire      #.........   96%         5    ######.


Dungeon Overview and Level Annotations

Branches:
Dungeon (8/15)             Temple (1/1) D:4
   Lair: D:8-11

Altars:
Ashenzari
Cheibriados
Dithmenos
Elyvilon
Fedhas
Gozag
Hepliaklqana
Kikubaaqudgha
Makhleb
Nemelex Xobeh
Okawaru
Qazlal
Ru
Sif Muna
Trog
Uskayaw
Vehumet
Wu Jian
Xom
Zin
The Shining One

Shops:
D:5 %   D:8 :?


Innate Abilities, Weirdness & Mutations

You cannot wear most types of armour.
You are very stealthy in the water. (Stealth+)
You are amphibious.
You can wear up to eight rings at the same time.
You can use your tentacles to constrict eight enemies at once.
Your skin changes colour to match your surroundings (Stealth+).
Your rubbery body absorbs attacks. (AC +1, EV +1)


Message History

Casting: Regeneration (safe; 26% risk of failure)
Confirm with . or Enter, or press ? or * to list all spells.
Your skin crawls.
Your skin is crawling a little less now.
You block the orc's attack.
Casting: Regeneration (safe; 26% risk of failure)
Confirm with . or Enter, or press ? or * to list all spells.
Your skin crawls.
The orc wizard mumbles some strange words.
The orc wizard flickers and vanishes!
Casting: Regeneration (safe; 26% risk of failure)
Confirm with . or Enter, or press ? or * to list all spells.
You miscast Regeneration.
Strange energies run through your body.
You are feeling very hungry.
You hit the orc warrior. You grab the orc warrior.
Your squeeze misses the orc warrior.
The orc warrior is almost dead.
You constrict the orc warrior, but do no damage.
The orc warrior hits you with a +0 scimitar!!
You die...

####................[...........#
.....########..............<....#
.##### #...................#
.†.#### #..:......#####.#####
.#..<.#### #.........#####.#
.........# #...............# ###
####...#.# ##...#....#########..
.##....#.#####.#....### #....
....#..........#@##..## ##....
......######..##o###..# ####.....
.###...## #..>oo{###.###.....###
## ##.>.####..##{..........######
.# #.#..........####....### ##.
.####.###.........###.....# #..
......#..................## #.#
####....#.........##.....# #.#
##...#................# #.#


You could see an orc warrior and 2 orcs.

Vanquished Creatures
  Pikel (D:7)
  A hungry ghost (D:8)
  An orc warrior (D:8)
  A sky beast (D:5)
  A necrophage (D:6)
  2 phantoms
  An ogre (D:5)
  3 slaves (D:7)
  A centaur (D:5)
  3 bullfrogs
  A wyvern skeleton (D:8)
  2 scorpions
  5 wights (D:7)
  2 crimson imps
  A bullfrog zombie (D:5)
  An orc priest (D:8)
  2 bullfrog skeletons
  2 hounds
  Crazy Yiuf (D:6)
  2 centaur skeletons
  An iguana (D:4)
  4 orc wizards
  A worker ant (D:8)
  9 adders
  4 oozes
  An adder zombie (D:5)
  8 worms
  2 dart slugs
  4 leopard geckos
  17 orcs
  A ball python (D:1)
  15 bats
  8 giant cockroaches
  12 goblins
  8 hobgoblins
  8 jackals
  2 quokkas
  6 frilled lizards
  10 kobolds
  6 rats
161 creatures vanquished.

Notes
Turn   | Place    | Note
-------+----------+-------------------------------------------
     0 | D:1      | xeno23 the Octopode Assassin began the quest for the Orb.
     0 | D:1      | Reached XP level 1. HP: 14/14 MP: 1/1
   125 | D:1      | Reached XP level 2. HP: 17/19 MP: 2/2
   315 | D:1      | Reached XP level 3. HP: 14/24 MP: 3/3
   946 | D:2      | Found a white marble altar of Elyvilon.
   999 | D:2      | Reached XP level 4. HP: 29/29 MP: 4/4
  1106 | D:2      | Reached skill level 6 in Stealth
  1382 | D:2      | Found a hazy altar of Hepliaklqana.
  1938 | D:4      | Found a shimmering altar of Xom.
  1941 | D:4      | Found a deep blue altar of Sif Muna.
  1941 | D:4      | Found a snail-covered altar of Cheibriados.
  1942 | D:4      | Found an opulent altar of Gozag.
  1945 | D:4      | Found a burning altar of Makhleb.
  1981 | D:4      | Reached XP level 5. HP: 27/35 MP: 5/5
  1992 | D:4      | Found a staircase to the Ecumenical Temple.
  2200 | D:4      | Reached XP level 6. HP: 35/41 MP: 6/6
  2305 | D:5      | Entered Level 5 of the Dungeon
  2344 | D:5      | Reached skill level 7 in Stealth
  2430 | D:5      | Reached XP level 7. HP: 37/46 MP: 7/7
  2607 | D:5      | Reached skill level 8 in Stealth
  2766 | D:5      | Found Nutyteun's Food Emporium.
  2872 | D:5      | Reached skill level 5 in Short Blades
  3109 | Temple   | Entered the Ecumenical Temple
  3562 | Temple   | Became a worshipper of Uskayaw the Reveler
  3642 | D:6      | Reached * piety under Uskayaw
  3652 | D:6      | Reached ** piety under Uskayaw
  3653 | D:6      | Reached XP level 8. HP: 49/54 MP: 8/8
  3658 | D:6      | Reached *** piety under Uskayaw
  3660 | D:6      | Reached **** piety under Uskayaw
  3740 | D:6      | Found a glowing drain.
  3744 | Sewer    | Entered a sewer
  4003 | Sewer    | Reached skill level 9 in Stealth
  4406 | D:6      | Found a runed translucent door.
  4407 | D:6      | Noticed Crazy Yiuf
  4477 | D:6      | Killed Crazy Yiuf
  4514 | D:6      | You fall through a shaft!
  4649 | D:7      | Found a shattered altar of Ashenzari.
  4679 | D:7      | Reached skill level 1 in Evocations
  4684 | D:7      | Reached skill level 1 in Invocations
  4684 | D:7      | Reached ***** piety under Uskayaw
  4753 | D:7      | Found a blossoming altar of Fedhas.
  4761 | D:7      | Noticed Pikel
  4787 | D:7      | Killed Pikel
  4787 | D:7      | Reached skill level 10 in Stealth
  4787 | D:7      | Reached XP level 9. HP: 51/59 MP: 8/10
  5271 | D:6      | Got a bloodstained dagger
  5272 | D:6      | Identified the +4 dagger of Leshigyedd {speed, *Contam
                  | rElec MR+++} (You found it on level 6 of the Dungeon)
  5502 | D:8      | Found Peniovan's Book Shoppe.
  5538 | D:8      | Learned a level 3 spell: Regeneration
  5553 | D:8      | Found Arabovov's Magic Scroll Shop.
  5566 | D:8      | Bought a scroll of identify for 32 gold pieces
  5566 | D:8      | Bought a scroll of identify for 32 gold pieces
  5917 | D:8      | Slain by an orc warrior

Levels and vault maps discovered:
D:1:      dpeg_arrival_rooms_with_view, layout_loops_corners
D:2:      layout_loops_ring, lemuel_crystal_altar, marbit_many_paths
D:3:      layout_rooms
D:4:      layout_gridville, bloody_makhleb, grunt_temple_overflow_open,
          minmay_temple_entry_from_below_a, first_ration,
          hangedman_abyss_or_decor_passed
D:5:      layout_gridville, serial_shops, kennysheep_mini
D:6:      layout_basic, gup_sewer_entry_spiral, uniq_crazy_yiuf_cottage
D:7:      layout_basic, evilmike_ruin_ashenzari, lemuel_doored_altar, uniq_pikel
D:8:      layout_rooms, serial_shops, kennysheep_little_box, shop,
          nicolae_shop_competitors_out_of_business
Temple:   chequers_temple_sunken
Sewer:    sewer_fruit_machine

Skill      XL: |  1  2  3  4  5  6  7  8  9 |
---------------+----------------------------+-----
Short Blades   | 3 4 5 6 |  6.7
Stealth        | 6 7 8 10 | 10.4
Dodging        | 2 3 4 |  4.3
Throwing       | 3 4 |  4.8
Fighting       | 3 4 |  4.7
Evocations     | 2 |  2.5
Invocations    | 1 2 |  2.4
Spellcasting   | |  0.5
Charms         | |  0.6
Necromancy     | |  0.6

Action                   |  1- 3 |  4- 6 |  7- 9 || total
-------------------------+-------+-------+-------++-------
Melee: Dagger            |    66 |    65 |   208 ||   339
       Constrict         |    11 |    12 |    34 ||    57
       Tentacles         |     8 |    16 |    38 ||    62
 Fire: Blowgun           |       |       |    16 ||    16
       Hunting sling     |       |       |     7 ||     7
 Cast: Regeneration      |       |       |     5 ||     5
  Use: Scroll            |       |       |    10 ||    10
 Stab: Sleeping          |    17 |    17 |    24 ||    58
       Paralysed         |       |       |     8 ||     8
  Eat: Chunk             |       |     4 |     9 ||    13
       Ration            |       |       |     1 ||     1
Armor: Skin              |     4 |     1 |     4 ||     9
Dodge: Dodged            |    25 |    19 |    71 ||   115
Block: Other             |       |     7 |    27 ||    34
       Reflection        |       |       |     1 ||     1

Table legend:
 A = Non-vault XP
 B = Vault XP
 C = Vault XP percentage of total XP
 D = Non-vault monster count
 E = Vault monster count
 F = Vault count percentage of total count
                 A         B        C        D         E       F
            +---------+---------+-------+---------+---------+-------
      Total |    2752 |     804 |  22.6 |     121 |      37 |  23.4
            +---------+---------+-------+---------+---------+-------
        D:1 |      60 |       4 |   6.2 |      30 |       2 |   6.2
        D:2 |      31 |       2 |   6.1 |      14 |       1 |   6.7
        D:3 |      27 |       0 |   0.0 |      10 |       0 |   0.0
        D:4 |     241 |       0 |   0.0 |      12 |       0 |   0.0
        D:5 |     763 |       0 |   0.0 |      18 |       0 |   0.0
        D:6 |     416 |      72 |  14.8 |      10 |       7 |  41.2
        D:7 |     430 |     629 |  59.4 |       8 |       1 |  11.1
        D:8 |     784 |       0 |   0.0 |      19 |       0 |   0.0
      Sewer |       0 |      97 | 100.0 |       0 |      26 | 100.0
            +---------+---------+-------+---------+---------+-------
